Map: Frozen Temple

Players

LiquidTLO (TLO)

  • Race: Zerg Zerg
  • League: Grandmaster

PtitDrogo - Winner!

  • Race: Protoss Protoss
  • League: Grandmaster

VOD

Have the link to the VOD?

Description

Time

  • Played on: July 4, 2016, 12:47 p.m.
  • Length: 6:17
Show
View Real Time Build Order
Export as new Build Order

LiquidTLO Zerg 

Build Orders: Hatch First 

Get SALT Encoding   

  12  0:00  Drone  
  13  0:12  Overlord  
  13  0:17  Drone  
  14  0:32  Drone x2  
  16  0:49  Hatchery  
  15  0:52  Drone  
  15  0:55  Drone  
  17  0:58  Drone  
  17  1:02  Extractor  
  17  1:15  Spawning Pool  
  17  1:18  Drone  
  17  1:21  Drone  
  18  1:33  Drone  
  18  1:39  Overlord  
  19  2:01  Queen  
  19  2:02  Queen  
  19  2:07  Metabolic Boost  
  23  2:08  Drone  
  23  2:13  Drone x2  
  26  2:19  Drone  
  26  2:22  Drone  
  28  2:28  Extractor  
  27  2:36  Zergling x4  
  30  2:47  Hatchery  
  30  2:51  Hatchery  
  29  2:54  Drone  
  29  2:56  Drone  
  31  2:59  Drone  
  31  3:01  Overlord  
  32  3:07  Extractor, Drone x2  
  32  3:11  Zergling x2  
  34  3:13  Drone  
  34  3:16  Overlord  
  36  3:20  Drone  
  36  3:23  Zergling x2  
  36  3:24  Drone  
  36  3:26  Drone  
  39  3:28  Extractor, Drone  
  39  3:33  Zergling x4  
  42  3:35  Drone  
  42  3:41  Baneling Nest  
  42  3:45  Drone x2  
  42  3:46  Overlord  
  44  3:51  Overlord  
  43  4:06  Zergling x8  
  43  4:07  Zergling x2  
  43  4:08  Zergling x2  
  43  4:09  Zergling x2  
  48  4:14  Queen  
  48  4:15  Drone  
  48  4:16  Drone  
  52  4:17  Drone  
  52  4:18  Spore Crawler  
  52  4:20  Drone, Spore Crawler  
  52  4:28  Drone  
  52  4:29  Spore Crawler  
  52  4:30  Zergling x6  
  55  4:34  Drone x2, Spore Crawler  
  55  4:38  Drone  
  55  4:39  Drone  
  55  4:45  Zergling x8, Spore Crawler  
  58  4:46  Zergling x2  
  59  4:54  Drone  
  59  4:57  Drone  
  60  5:01  Zergling x2, Drone  
  60  5:02  Drone x2  
  60  5:03  Lair  
  60  5:05  Overlord  
  64  5:11  Drone x2  
  64  5:15  Overlord, Extractor  
  64  5:17  Drone  
  64  5:18  Zergling x2  
  63  5:22  Zergling x4  
  63  5:24  Overlord  
  63  5:25  Overlord  
  63  5:27  Drone  
  65  5:29  Overlord, Drone  
  65  5:32  Drone x2  
  65  5:34  Zergling x2  
  68  5:37  Zergling x2  
  68  5:41  Zergling x2  
  68  5:42  Drone x2  
  68  5:44  Drone  
  69  5:50  Extractor  
  69  5:51  Drone  
  69  5:54  Overlord, Drone  
  70  6:00  Drone x2  
  70  6:02  Drone x2  
  70  6:03  Drone  
  75  6:05  Hydralisk Den  
  75  6:08  Extractor  
  75  6:10  Extractor  
Show
View Real Time Build Order
Export as new Build Order

PtitDrogo Protoss - Winner!

Build Orders: 1 Gate Expand, Oracle Opening 

Get SALT Encoding   

  12  0:02  Probe (Chrono Boost)  
  13  0:13  Probe (Chrono Boost)  
  14  0:23  Pylon, Probe (Chrono Boost)  
  15  0:41  Gateway, Probe (Chrono Boost)  
  16  0:48  Assimilator  
  16  0:51  Probe (Chrono Boost)  
  17  1:02  Probe (Chrono Boost)  
  18  1:12  Probe (Chrono Boost)  
  19  1:26  Nexus  
  19  1:27  Probe (Chrono Boost)  
  20  1:35  Cybernetics Core  
  20  1:38  Probe (Chrono Boost)  
  21  1:44  Assimilator  
  21  1:48  Probe (Chrono Boost)  
  21  1:53  Pylon  
  22  1:59  Probe (Chrono Boost)  
  23  2:11  Probe (Chrono Boost)  
  23  2:12  Stalker (Chrono Boost)  
  23  2:15  Warp Gate (Chrono Boost)  
  26  2:23  Probe  
  27  2:35  Probe  
  27  2:36  Probe  
  28  2:39  Adept (Chrono Boost)  
  31  2:47  Probe x2  
  33  2:56  Stargate  
  33  2:57  Probe  
  33  2:59  Probe  
  33  3:03  Adept (Chrono Boost)  
  37  3:08  Probe  
  39  3:14  Mothership Core  
  39  3:16  Pylon  
  39  3:18  Probe  
  40  3:25  Adept (Chrono Boost)  
  43  3:29  Probe  
  44  3:35  Probe  
  44  3:38  Oracle (Chrono Boost)  
  48  3:41  Probe  
  48  3:48  Probe  
  50  3:53  Probe  
  51  4:00  Nexus, Probe  
  52  4:02  Pylon  
  52  4:05  Probe  
  53  4:12  Probe  
  52  4:17  Probe  
  52  4:18  Oracle  
  52  4:20  Assimilator  
  52  4:21  Adept, Assimilator  
  59  4:24  Probe (Chrono Boost)  
  59  4:28  Gateway  
  59  4:29  Gateway  
  59  4:30  Probe (Chrono Boost)  
  60  4:35  Probe (Chrono Boost)  
  61  4:41  Probe (Chrono Boost)  
  62  4:54  Pylon  
  62  5:03  Pylon  
  62  5:04  Pylon  
  62  5:12  Probe x3 (Chrono Boost)  
  65  5:18  Adept  
  67  5:22  Probe x2 (Chrono Boost)  
  67  5:26  Probe (Chrono Boost)  
  68  5:32  Adept x2, Twilight Council  
  68  5:33  Probe x2 (Chrono Boost)  
  68  5:34  Forge  
  73  5:36  Probe (Chrono Boost)  
  74  5:43  Probe (Chrono Boost)  
  74  5:49  Probe x2 (Chrono Boost)  
  77  5:52  Robotics Facility  
  77  5:54  Probe (Chrono Boost)  
  77  5:55  Adept x3, Pylon  
  84  5:58  Pylon  
  84  5:59  Probe x2 (Chrono Boost)  
  86  6:04  Probe (Chrono Boost)  
  86  6:05  Gateway  
  86  6:07  Pylon, Assimilator  
  86  6:08  Assimilator  
Tags
 
Add a new tag
Caveats
  • Supply blocks, unpowered buildings, or Contaminate may cause inaccurate times.
  • Supply counts are checked every 10 seconds.